AoeStats
← dailing510

Arena

510309543Analyzed
4v4 RM · 1d ago on Sep 30, 2026· 51m 55s· 8 players
Game mode
Random Map
Map size
Large (8 player)
Population
200
Speed
Normal
Resources
Standard
Victory
Conquest
Starting age
Dark Age
Ending age
Imperial Age
RankedLock teamsTeams togetherTeam positionsShared explorationLock speedFull tech treeHidden civsTurbo modeCheats
Victory
Defeat
🇨🇳 Japanese · China
1038
+14
🇪🇨 Britons · Ecuador
1030
+15
🇨🇳 Chinese · China
1015
+15
🇸🇪 Franks · Sweden
952
+18
🇨🇳 Britons · China
1014
-16
🇨🇳 Spanish · China
1006
-16
🇹🇼 Danes · Taiwan
1004
-16
🇨🇳 Persians · China
972
-14
shuai81_1027
1:42 Loom
12:08 Feudal Age
17:19 Castle Age
15:35 Double-Bit Axe
16:00 Horse Collar
18:12 Bow Saw
20:47 Bloodlines
24:31 Heavy Plow
27:53 Wheelbarrow
27:29 Husbandry
31:53 Imperial Age
29:46 Scale Barding Armor
29:52 Forging
30:50 Hand Cart
30:57 Fletching
31:19 Gold Mining
31:20 Stone Mining
31:38 Padded Archer Armor
32:14 Iron Casting
31:15 Elite Skirmisher
32:33 Conscription
33:39 Crop Rotation
34:13 Two-Man Saw
35:54 Gold Shaft Mining
38:07 Chemistry
37:28 Ballistics
37:48 Leather Archer Armor
37:28 Bodkin Arrow
37:36 Scale Mail Armor
38:51 Elite War Elephant
41:12 Ring Archer Armor
44:38 Chain Barding Armor
45:19 Blast Furnace
50:13 Pikeman
50:54 Squires
50:39 Gambesons
dailing510
10:03 Feudal Age
11:04 Double-Bit Axe
16:15 Castle Age
17:48 Bow Saw
20:12 Loom
22:55 Wheelbarrow
23:01 Elite Skirmisher
24:56 Fletching
29:42 Hand Cart
30:22 Horse Collar
31:33 Stone Mining
31:34 Gold Mining
32:23 Masonry
33:46 Thumb Ring
33:45 Squires
33:31 Arson
33:32 Gambesons
33:08 Pikeman
36:40 Imperial Age
33:56 Town Watch
35:00 Heavy Plow
35:43 Hamask
37:24 Cranequins
37:24 Heavy Mounted Crossbowman
38:08 Husbandry
38:18 Bloodlines
37:31 Halberdier
38:23 Scale Barding Armor
38:14 Bodkin Arrow
38:20 Padded Archer Armor
38:51 Conscription
37:53 Northmen's Fury
41:39 Gold Shaft Mining
41:41 Stone Shaft Mining
41:47 Bracer
42:03 Leather Archer Armor
43:28 Chemistry
42:20 Heated Shot
44:32 Siege Engineers
44:35 Heavy Scorpion
46:13 Capped Ram
49:48 Siege Ram
52:43 Ring Archer Armor
兔子18
10:49 Feudal Age
15:59 Castle Age
14:34 Double-Bit Axe
14:54 Horse Collar
15:28 Loom
19:52 Padded Archer Armor
22:04 Fletching
24:10 Heavy Plow
27:11 Wheelbarrow
26:55 Leather Archer Armor
27:02 Gold Mining
31:08 Imperial Age
30:09 Bodkin Arrow
30:48 Ballistics
31:08 Masonry
31:18 Bow Saw
31:35 Stone Mining
31:13 Elite Conquistador
32:14 Conscription
33:02 Husbandry
33:13 Bloodlines
33:04 Cavalier
35:35 Stone Shaft Mining
36:23 Scale Barding Armor
36:49 Ring Archer Armor
36:19 Bracer
38:26 Paladin
42:41 Conscription
45:40 Chain Barding Armor
45:20 Scale Mail Armor
45:31 Forging
45:09 Pikeman
45:50 Squires
49:19 Chain Mail Armor
49:39 Plate Barding Armor
49:40 Iron Casting
沙正街小霸王
3:28 Loom
PacificKempeitai
10:47 Feudal Age
11:36 Double-Bit Axe
11:53 Horse Collar
13:55 Loom
16:36 Castle Age
16:05 Forging
17:55 Bow Saw
18:18 Fervor
18:35 Heavy Plow
22:12 Stone Mining
24:22 Wheelbarrow
23:32 Town Watch
27:01 Squires
26:45 Treadmill Crane
29:49 Imperial Age
26:55 Man-at-Arms
27:21 Gambesons
27:01 Pikeman
27:52 Bloodlines
27:45 Husbandry
28:12 Scale Mail Armor
28:52 Hand Cart
30:31 Iron Casting
30:11 Chain Mail Armor
29:49 Fletching
29:51 Guard Tower
30:22 Ballistics
30:13 Masonry
30:01 Murder Holes
30:56 Gold Mining
32:08 Two-Man Saw
32:52 Keep
33:17 Chemistry
32:03 Arrowslits
32:44 Town Patrol
32:43 Bodkin Arrow
33:50 Blast Furnace
33:20 Plate Mail Armor
32:38 Arson
34:11 Conscription
34:14 Kataparuto
33:55 Yasama
33:15 Elite Samurai
34:12 Fortified Wall
35:58 Bracer
36:08 Siege Engineers
36:41 Gold Shaft Mining
36:41 Plate Mail Armor
36:11 Padded Archer Armor
42:23 Hoardings
48:48 Heavy Cavalry Archer
49:54 Parthian Tactics
49:35 Thumb Ring
49:37 Padded Archer Armor
联通专业户
0:27 Loom
11:04 Feudal Age
12:23 Double-Bit Axe
15:08 Castle Age
18:50 Wheelbarrow
18:18 Horse Collar
21:14 Bow Saw
24:25 Hand Cart
25:10 Heavy Plow
25:18 Stone Mining
25:18 Gold Mining
27:09 Stone Shaft Mining
27:09 Gold Shaft Mining
27:11 Fletching
30:16 Imperial Age
27:56 Pikeman
28:39 Bodkin Arrow
28:45 Padded Archer Armor
28:45 Scale Mail Armor
28:56 Forging
28:51 Scale Barding Armor
29:09 Ballistics
29:00 Masonry
28:44 Town Watch
29:51 Squires
30:15 Leather Archer Armor
30:26 Fortified Wall
30:43 Town Patrol
31:01 Chain Mail Armor
30:18 Halberdier
32:22 Chemistry
31:24 Bracer
33:35 Conscription
34:05 Ring Archer Armor
34:11 Iron Casting
33:56 Chain Barding Armor
34:08 Architecture
33:29 Guard Tower
34:45 Two-Man Saw
33:59 Thumb Ring
34:28 Elite Chu Ko Nu
36:16 Keep
36:14 Plate Mail Armor
35:27 Elite Skirmisher
35:32 Capped Ram
38:39 Heavy Rocket Cart
43:04 Blast Furnace
42:39 Plate Barding Armor
47:51 Rocketry
47:32 Great Wall
47:47 Siege Ram
47:49 Heavy Scorpion
Lordcreos
11:26 Feudal Age
15:38 Castle Age
13:29 Double-Bit Axe
13:27 Horse Collar
14:14 Stone Mining
20:44 Wheelbarrow
19:55 Loom
21:55 Fletching
Stinsen_WX
9:34 Loom
11:31 Feudal Age
16:04 Castle Age
14:36 Double-Bit Axe
21:34 Bow Saw
24:19 Fletching
25:15 Padded Archer Armor
30:32 Imperial Age
28:48 Wheelbarrow
28:06 Town Watch
28:46 Scale Barding Armor
29:22 Gold Mining
29:22 Stone Mining
29:48 Husbandry
29:37 Ordonnance Companies
30:35 Cavalier
32:53 Chain Barding Armor
33:13 Conscription
34:27 Hand Cart
34:54 Squires
34:15 Pikeman
36:03 Forging
39:33 Plate Barding Armor
40:25 Paladin
42:05 Leather Archer Armor
42:25 Iron Casting
43:18 Elite Throwing Axeman
45:21 Blast Furnace
49:39 Halberdier
50:37 Light Cavalry
Connection lost

Rejoining the realm…

Still unreachable

The connection could not be restored.

Session expired

The server has moved on; the page needs a fresh start.